 Dungeon Crawl Stone Soup version 0.20.1-1-g8b1a95d (webtiles) character file.

684 letownia2 the Reanimator (level 7, 41/57 HPs)
             Began as a Deep Dwarf Necromancer on Dec 15, 2017.
             Quit the game in the Ecumenical Temple on Dec 16, 2017.
             The game lasted 00:07:18 (3047 turns).

letownia2 the Reanimator (Deep Dwarf Necromancer)   Turns: 3047, Time: 00:07:19

Health: 41/57      AC:  4    Str: 12    XL:     7   Next: 35%
Magic:  13/13      EV: 10    Int: 17    God:
Gold:   153        SH:  0    Dex: 13    Spells: 10/14 levels left

rFire    . . .     SeeInvis .   a - +5 quarterstaff of the First Princes {chaos, rN+ Stlth+}
rCold    . . .     Gourm    .   (shield currently unavailable)
rNeg     + . .     Faith    .   w - +0 leather armour
rPois    .         Spirit   .   g - +0 helmet
rElec    .         Reflect  .   (no cloak)
rCorr    .         Harm     .   (no gloves)
MR       +....                  (no boots)
Stlth    +++.......             (no amulet)
Regen    0.0/turn               C - -2 ring of evasion (curse)
MPRegen  0.2/turn               (no ring)

@: non-regenerating
A: damage resistance, heal wounds, sense surroundings 1, no regeneration
a: Heal Wounds


You were in the Ecumenical Temple.
You were not hungry.

You visited 2 branches of the dungeon, and saw 6 of its levels.

You collected 153 gold pieces.

Inventory:

Hand Weapons
 a - the +5 quarterstaff of the First Princes (weapon) {chaos, rN+ Stlth+}
   (You found it on level 4 of the Dungeon)

   Each time it hits an enemy it has a different, random effect.
   It protects you from negative energy.
   It makes you more stealthy.
 j - a +0 mace
 B - a +0 giant club
Missiles
 i - 32 bolts
 n - 2 tomahawks (quivered)
Armour
 g - a +0 helmet (worn)
 m - a +0 scale mail
 w - a +0 leather armour (worn)
 y - the +1 chain mail of Dawn {+Inv Dex+2}
   (You found it on level 4 of the Dungeon)

   It affects your dexterity (+2).
   It lets you turn invisible.
Jewellery
 C - a cursed -2 ring of evasion (left hand)
Wands
 x - a wand of paralysis (14/24)
 A - a wand of lightning (3/15)
Scrolls
 e - 3 scrolls of remove curse {unknown}
 f - 2 scrolls of immolation
 h - a scroll of amnesia {unknown}
 l - 2 scrolls of identify {unknown}
 o - 2 scrolls of fog {unknown}
 p - a scroll of blinking {unknown}
 r - a scroll of teleportation {unknown}
 t - a scroll of magic mapping {unknown}
 u - a scroll of enchant weapon {unknown}
 v - a scroll of enchant armour {unknown}
Potions
 d - 2 potions of curing {unknown}
 k - a potion of haste {unknown}
 q - 2 potions of might {unknown}
 s - a potion of resistance {unknown}
Books
 b - a book of Necromancy

   Spells                             Type                      Level
   a - Pain                           Necromancy                   1
   b - Animate Skeleton               Necromancy                   1
   c - Vampiric Draining              Necromancy                   3
   d - Regeneration                   Charms/Necromancy            3
   e - Animate Dead                   Necromancy                   4
   f - Control Undead                 Necromancy                   4
Comestibles
 c - 4 bread rations


   Skills:
 + Level 1.3 Fighting
 + Level 0.9 Armour
 - Level 2.1 Dodging
 - Level 2.4 Stealth
 - Level 4.1 Spellcasting
 + Level 8.2 Necromancy


You had 10 spell levels left.
You knew the following spells:

 Your Spells              Type           Power        Failure   Level  Hunger
a - Pain                  Necr           ####         1%          1    None
v - Vampiric Draining     Necr           ####......   1%          3    ###....


Dungeon Overview and Level Annotations

Branches:
Dungeon (5/15)             Temple (1/1) D:5

Altars:
Ashenzari
Dithmenos
Fedhas
Hepliaklqana
Kikubaaqudgha
Nemelex Xobeh
Okawaru
Qazlal
Ru
Sif Muna
Uskayaw
Vehumet
Xom
Yredelemnul


Innate Abilities, Weirdness & Mutations

You are resistant to damage.
You can heal yourself by infusing magical energy.
You passively map a small area around you.
You do not regenerate.


Message History

Are you sure you want to abandon this character and quit the game? (Confirm with "yes".)
Okay, then.
Unknown command.
Wear which item? (? for menu, Esc to quit)
Okay, then.
Wield which item (- for none, * to show all)? (? for menu, Esc to quit)
Okay, then.
Okay, then.
Saving game... please wait.
Welcome back, letownia2 the Deep Dwarf Necromancer.
Press ? for a list of commands and other information.
Put on which piece of jewellery? (? for menu, Esc to quit)
Okay, then.
Wear which item? (? for menu, Esc to quit)
Okay, then.
Wield which item (- for none, * to show all)? (? for menu, Esc to quit)
Okay, then.
Evoke which item? (* to show all) (? for menu, Esc to quit)
Okay, then.
Are you sure you want to abandon this character and quit the game? (Confirm with "yes".)

..............≈ ≈≈ ≈ ≈
...............≈≈≈≈≈≈§§§≈§§
..........._....≈≈≈≈§§§§§≈≈
.................≈≈≈≈≈≈≈≈≈§§ ≈≈
..................≈≈≈≈≈§§§≈≈≈§
...................≈≈≈§§≈≈≈≈≈§§≈
....._........._....≈≈§§§≈≈≈≈≈§§≈
.....................≈≈§§§≈≈§§§≈§
................@.....≈§≈§≈≈§§§§§
.......................≈§§≈§≈§≈§≈
..................._....≈≈§§§≈≈≈§
.........................≈≈§≈≈≈≈§
.........................§≈§≈≈≈§≈
...........................§≈≈≈≈≈
............_..............§§≈≈≈≈
............................≈≈≈≈≈
.§...........§.§..........§§§≈§≈≈


There were no monsters in sight!

Vanquished Creatures
  An ice beast (D:5)
  An ogre (D:5)
  A sky beast (D:5)
  A scorpion (D:5)
  A howler monkey (D:5)
  A hound (D:4)
  A bullfrog skeleton (D:5)
  A centaur skeleton (D:5)
  A jelly (D:5)
  An iguana (D:5)
  3 worker ants (D:4)
  4 gnolls (D:4)
  3 adders
  A shadow imp (D:5)
  2 worms (D:5)
  A dart slug (D:4)
  2 leopard geckos
  An orc (D:3)
  2 ball pythons
  3 giant cockroaches
  2 goblins
  4 hobgoblins (D:3)
  2 jackals (D:4)
  6 kobolds
  4 frilled lizards
  3 rats
53 creatures vanquished.

Notes
Turn   | Place    | Note
-------+----------+-------------------------------------------
     0 | D:1      | letownia2 the Deep Dwarf Necromancer began the quest for the Orb.
     0 | D:1      | Reached XP level 1. HP: 15/15 MP: 3/3
   285 | D:3      | Found a stormy altar of Qazlal.
   287 | D:3      | Noticed an earth elemental
   288 | D:3      | Noticed a water elemental
   288 | D:3      | Noticed a fire elemental
   288 | D:3      | Noticed an air elemental
   362 | D:3      | Reached XP level 2. HP: 22/22 MP: 3/5
   595 | D:3      | Reached skill level 5 in Necromancy
   618 | D:3      | Reached XP level 3. HP: 24/28 MP: 0/6
   708 | D:3      | Found a shimmering altar of Xom.
   708 | D:3      | Found a shimmering altar of Xom.
   708 | D:3      | Found a shimmering altar of Xom.
   709 | D:3      | Found a shimmering altar of Xom.
   709 | D:3      | Found a shimmering altar of Xom.
  1179 | D:4      | Found a hazy altar of Hepliaklqana.
  1367 | D:4      | Learned a level 3 spell: Vampiric Draining
  1430 | D:4      | Reached skill level 6 in Necromancy
  1430 | D:4      | Reached XP level 4. HP: 29/36 MP: 1/7
  1813 | D:4      | Got a scorched quarterstaff
  1814 | D:4      | Identified the +5 quarterstaff of the First Princes {chaos, rN+ Stlth+} (You found it on level 4 of the Dungeon)
  1845 | D:4      | Reached XP level 5. HP: 35/42 MP: 2/9
  1852 | D:4      | Got a heavily runed chain mail
  1875 | D:4      | Identified the +1 chain mail of Dawn {+Inv Dex+2} (You found it on level 4 of the Dungeon)
  2137 | D:5      | Entered Level 5 of the Dungeon
  2150 | D:5      | Found a blossoming altar of Fedhas.
  2280 | D:5      | Noticed an ice beast
  2296 | D:5      | Killed an ice beast
  2296 | D:5      | Reached skill level 7 in Necromancy
  2296 | D:5      | Reached XP level 6. HP: 48/49 MP: 4/11
  2615 | D:5      | Reached XP level 7. HP: 40/55 MP: 5/13
  2735 | D:5      | Reached skill level 8 in Necromancy
  2779 | D:5      | Found a sacrificial altar of Ru.
  2798 | D:5      | Reached skill level 1 in Fighting
  2932 | D:5      | Found a staircase to the Ecumenical Temple.
  2972 | Temple   | Entered the Ecumenical Temple
  3047 | Temple   | Quit the game

Skill      XL: |  1  2  3  4  5  6  7 |
---------------+----------------------+-----
Spellcasting   | 2 3 4 |  4.1
Necromancy     | 5 6 7 8 |  8.2
Fighting       | 1 |  1.3
Armour         | |  0.9
Dodging        | |  2.1
Stealth        | |  2.4

Action                   |  1- 3 |  4- 6 |  7- 9 || total
-------------------------+-------+-------+-------++-------
Melee: Unarmed           |     4 |       |       ||     4
       Quarterstaff      |       |    26 |     9 ||    35
 Cast: Pain              |    46 |    45 |     3 ||    94
       Vampiric Draining |       |     5 |     7 ||    12
  Use: Scroll            |       |     1 |       ||     1
 Stab: Sleeping          |       |     1 |       ||     1
       Distracted        |       |       |     1 ||     1
  Eat: Chunk             |     2 |     4 |     2 ||     8
Armor: Robe              |     5 |       |       ||     5
       Leather armour    |       |    10 |     3 ||    13
Dodge: Dodged            |    13 |    31 |     6 ||    50
